 Dungeon Crawl Stone Soup version 0.31-a0-102-g33a4ccc0cb (webtiles) character file.

Game seed: 14640544874286724016

180728 Drazool the Tortoise (level 18, -16/120 HPs)
             Began as a Formicid Hunter on May 26, 2023.
             Was the Champion of Hepliaklqana.
             Demolished by a naga
             ... wielding a +2 hand axe of electrocution
              (21 damage)
             ... on level 4 of the Snake Pit.
             The game lasted 02:07:36 (31547 turns).

Drazool the Tortoise (Formicid Hunter)             Turns: 31547, Time: 02:07:37

Health: -16/120    AC: 27    Str: 20    XL:     18   Next: 97%
Magic:  27/27      EV:  9    Int: 10    God:    Hepliaklqana [******]
Gold:   1936       SH: 11    Dex: 26    Spells: 14/17 levels left

rFire   . . .        e - +0 triple crossbow (freeze)
rCold   + + .        L - +2 buckler
rNeg    . . .        S - +0 chain mail "Ijigaffi" {rC+ Str+2 Dex+3}
rPois   .            (helmet unavailable)
rElec   +            (no cloak)
rCorr   .            p - +0 pair of gloves {Str+3}
SInv    +            y - +2 pair of boots
Will    +++..        T - amulet of regeneration
Stlth   ++           A - ring "Hicyaff" {Will+ AC+4 Int+2}
HPRegen 1.20/turn    k - ring of Nuteycisch {Fly rElec rC+ Will+ Int-4}
MPRegen 0.20/turn

%: clarity
@: lethally poisoned (-16 -> -17), flying, constricted
A: reduced essence, permanent stasis, dig shafts and tunnels, antennae 3, four
strong arms, iridescent scales 1, clarity
a: Dig, Shaft Self, Renounce Religion, Recall Ancestor, Ancestor Identity,
Transference, Idealise


You were on level 4 of the Snake Pit.
You worshipped Hepliaklqana.
Hepliaklqana was exalted by your worship.
You visited 6 branches of the dungeon, and saw 30 of its levels.
You also visited: Bailey and Gauntlet.

You collected 3463 gold pieces.
You spent 1527 gold pieces at shops.


Innate Abilities, Weirdness & Mutations

Your life essence is reduced to manifest your ancestor. (-10% HP)
You cannot be hasted, slowed, berserked, paralysed or teleported.
You can dig through walls and to a lower floor.
You have a pair of large antennae on your head. (SInv)
Your four strong arms can wield two-handed weapons with a shield.
You are partially covered in iridescent scales. (AC +2)
You possess an exceptional clarity of mind.


   Skills:
 - Level 10.0 Fighting
 - Level 5.0 Short Blades
 + Level 19.1 Ranged Weapons
 - Level 20.0 Armour
 - Level 5.0 Dodging
 - Level 7.0 Stealth
 - Level 13.1 Shields
 - Level 12.7 Invocations
 - Level 5.0 Evocations


You had 14 spell levels left.
You knew the following spells:

 Your Spells              Type           Power      Damage    Failure   Level
o - Portal Projectile     Hex/Tloc       0%         N/A       99%         3

Your spell library contained the following spells:

 Spells                   Type           Power      Damage    Failure   Level
 Freeze                   Ice            0%         1d3       82%         1
 Magic Dart               Conj           0%         1d3       82%         1
 Necrotise                Necr           0%         1d4       82%         1
 Shock                    Conj/Air       0%         1d3       82%         1
 Sting                    Tmut/Pois      0%         1d3       82%         1
 Summon Small Mammal      Summ           0%         N/A       82%         1
 Call Imp                 Summ           0%         N/A       91%         2
 Cigotuvi's Dreadful Rot  Necr/Pois/Air  0%         N/A       91%         2
 Lesser Beckoning         Tloc           0%         N/A       91%         2
 Poisonous Vapours        Pois/Air       0%         N/A       91%         2
 Call Canine Familiar     Summ           0%         N/A       99%         3
 Frozen Ramparts          Ice            0%         1d1       99%         3
 Gell's Gravitas          Tloc           0%         N/A       99%         3
 Hailstorm                Conj/Ice       0%         3d3       99%         3
 Ignite Poison            Fire/Tmut/Pois 0%         N/A       99%         3
 Mephitic Cloud           Conj/Pois/Air  0%         N/A       99%         3
 Ozocubu's Armour         Ice            0%         N/A       99%         3
 Summon Guardian Golem    Hex/Summ       0%         N/A       99%         3
 Teleport Other           Tloc           0%         N/A       99%         3
 Vampiric Draining        Necr           0%         2d6       99%         3
 Airstrike                Air            0%         2d(0-16)  100%        4
 Animate Dead             Necr           0%         N/A       100%        4
 Leda's Liquefaction      Hex/Erth       0%         N/A       100%        4
 Olgreb's Toxic Radiance  Pois           0%         N/A       100%        4
 Petrify                  Tmut/Erth      0%         N/A       100%        4
 Agony                    Necr           0%         N/A       100%        5
 Alistair's Intoxication  Tmut/Pois      0%         N/A       100%        5
 Borgnjor's Vile Clutch   Necr/Erth      0%         N/A       100%        5
 Freezing Cloud           Conj/Ice/Air   0%         6-21      100%        5
 Metabolic Englaciation   Hex/Ice        0%         N/A       100%        5
 Death Channel            Necr           0%         N/A       100%        6
 Dispersal                Tloc           0%         N/A       100%        6
 Eringya's Noxious Bog    Tmut/Pois      0%         N/A       100%        6
 Statue Form              Tmut/Erth      0%         N/A       100%        6
 Ozocubu's Refrigeration  Ice            0%         4d7       100%        7
 Borgnjor's Revivificati  Necr           0%         N/A       100%        8
 Necromutation            Tmut/Necr      0%         N/A       100%        8
 Death's Door             Necr           0%         N/A       100%        9
 Swiftness                Air            Unusable   N/A       N/A         3

Inventory:

Hand Weapons
 a - a +2 orcbow of flaming
 b - a +0 longbow
 e - a +0 triple crossbow of freezing (weapon)
 I - a +0 arbalest of draining
Missiles
 K - 4 throwing nets {=f}
Armour
 j - the scarf of the Bard {harm, rPois Str+3 Int+2}
   (You found it on level 1 of the Shoals)

   Str:       It affects your strength (+3).
   Int:       It affects your intelligence (+2).
   rPois:     It protects you from poison.
 p - a +0 pair of gloves of strength (worn)
 y - a +2 pair of boots (worn)
 H - a +2 plate armour of fire resistance
 L - a +2 buckler (worn)
 N - a +0 cloak of stealth
 S - the +0 chain mail "Ijigaffi" (worn) {rC+ Str+2 Dex+3}
   (You found it on level 4 of the Lair of Beasts)

   Str:       It affects your strength (+2).
   Dex:       It affects your dexterity (+3).
   rC:        It protects you from cold.
Jewellery
 c - a ring of protection from cold
 f - a ring of protection from fire
 k - the ring of Nuteycisch (right hand) {Fly rElec rC+ Will+ Int-4}
   (You found it on level 14 of the Dungeon)

   [ring of flight]

   Int:       It affects your intelligence (-4).
   rC:        It protects you from cold.
   rElec:     It insulates you from electricity.
   Fly:       It grants you flight.
   Will:      It increases your willpower.
 n - a ring of positive energy
 z - a ring of fire
 A - the ring "Hicyaff" (left hand) {Will+ AC+4 Int+2}
   (You found it in a Gauntlet)

   [ring of protection]

   AC:        It affects your AC (+4).
   Int:       It affects your intelligence (+2).
   Will:      It increases your willpower.
 C - a ring of ice
 D - a +6 ring of dexterity
 E - a +5 ring of evasion
 F - a ring of protection from fire
 P - a ring of poison resistance
 T - an amulet of regeneration (around neck)
 W - a ring of willpower
 Z - a ring of wizardry
Wands
 o - a wand of iceblast (27)
 s - a wand of flame (50)
 t - a wand of quicksilver (17)
 M - a wand of polymorph (10)
 O - a wand of charming (12)
 Q - a wand of digging (6)
 X - a wand of mindburst (6)
Scrolls
 g - a scroll of fear
 l - 3 scrolls of immolation
 m - 4 scrolls of amnesia
 q - 6 scrolls of enchant weapon
 J - 2 scrolls of magic mapping
 R - 2 scrolls of summoning
 U - 10 scrolls of identify {@r1}
 V - 5 scrolls of fog
Potions
 d - 3 potions of lignification
 h - 8 potions of curing {@q1}
 i - a potion of heal wounds {@q2}
 r - 2 potions of brilliance
 u - 2 potions of cancellation
 v - 4 potions of resistance
 w - 6 potions of might
 x - 4 potions of magic
 B - 2 potions of invisibility
 G - 5 potions of enlightenment
Miscellaneous
 Y - a tin of tremorstones (2/2)

Dungeon Overview and Level Annotations

Branches:
Dungeon (15/15)            Temple (1/1) D:5            Lair (5/5) D:8
 Shoals (3/4) Lair:2        Snake (4/4) Lair:2        Slime (0/5) Lair:4
    Orc (2/2) D:9             Elf (0/3) Orc:2        Vaults (0/5) D:13
 Depths (0/4) D:15         Bailey (visited)         Gauntlet (visited)

Altars:
Ashenzari
Cheibriados
Dithmenos
Elyvilon
Fedhas
Gozag
Hepliaklqana
Kikubaaqudgha
Makhleb
Nemelex Xobeh
Okawaru
Qazlal
Ru
Sif Muna
Trog
Uskayaw
Vehumet
Wu Jian
Xom
Yredelemnul
Zin
The Shining One
Jiyva

Shops:
D:5 ?   D:8 =   D:9 *(   Orc:2 [(*?   Shoals:1 (   Shoals:2 :

Annotations:
D:9 1 runed translucent door, ytrimaz's ghost, novice TrTm
Lair:4 1 runed translucent door

......# #.
#........)....#.▒▒ ......#
#. .#.)...)......▒ ......#
#.#####.#.######.#▒▒
......# #.#...#.#........#
......###.#...#.).##▒▒▒▒▒#
........#.#)..'....▒
........#.....#..▒▒▒ ▒▒▒.
{ ##.#.)..###....†#▒▒
..... {
#.##.)))[.N...N@S▒......{
#.########...##.N'.~~~~~
#.###### #...##..'.~≈≈~~
##.#....# #...##S.R.~≈~~~
...#.##.# #...###.▒......
.###.##.###..## #▒▒▒.....
......#.#...## .▒▒▒S
.###..#.#...###### . .#
#..#.#........# ▒▒


You could see the friendly Marge Gunderson the knight, a naga warrior, an
anaconda, a guardian serpent (fleeing, ally target) and 2 nagas.


Message History

You feel better.
You block the guardian serpent's attack.
The guardian serpent closely misses you.
The guardian serpent coils itself and waves its upper body at you.
The anaconda blinks!
The naga warrior blinks!
The naga closely misses you. You block the naga's attack.
The guardian serpent closely misses you.
You shoot a bolt. The bolt hits the guardian serpent!!!
The bolt freezes the guardian serpent.
You kill the guardian serpent!
The anaconda misses you. The anaconda barely misses you.
You block the guardian serpent's attack.
The naga hits you with a +2 hand axe of electrocution!
* * * LOW HITPOINT WARNING * * *
The naga grabs you. The naga constricts you.
The anaconda bites you but does no damage.
The guardian serpent hits you.
* * * LOW HITPOINT WARNING * * *
You block the naga warrior's attack. You block the naga's attack.
The naga constricts you.
* * * LOW HITPOINT WARNING * * *
As you read the scroll of fear, it crumbles to dust.
You assume a fearsome visage.
The guardian serpent looks frightened!
You block the anaconda's attack. The anaconda barely misses you.
The naga warrior spits poison at you. The splash of poison hits you.
You are poisoned.
* * * LOW HITPOINT WARNING * * *
The naga hits you with a +2 hand axe of electrocution!!
You die...

Skill      XL: |  1  2  3  4  5  6  7  8  9 10 11 12 13 14 15 16 17 18 |
---------------+-------------------------------------------------------+-----
Ranged Weapons | 5 7 9 11 13 14 16 19 | 19.1
Short Blades   | 3 5 |  5.0
Fighting       | 4 5 10 | 10.0
Armour         | 4 5 10 13 16 17 20 | 20.0
Invocations    | 5 7 10 12 | 12.7
Evocations     | 4 5 |  5.0
Shields        | 10 12 13 | 13.1
Dodging        | 3 5 |  5.0
Stealth        | 4 7 |  7.0

Action                     |  1- 3 |  4- 6 |  7- 9 | 10-12 | 13-15 | 16-18 || total
---------------------------+-------+-------+-------+-------+-------+-------++-------
   Fire: Shortbow          |    97 |   122 |   451 |   719 |  1551 |       ||  2940
         Orcbow            |       |       |       |       |    80 |   537 ||   617
         Arbalest          |       |       |       |       |       |   278 ||   278
         Triple crossbow   |       |       |       |       |       |   395 ||   395
 Invoke: Ancestor Identity |       |       |     1 |       |       |       ||     1
         Recall Ancestor   |       |       |     1 |     7 |    15 |     6 ||    29
         Ancestor Life: Kn |       |       |     1 |       |       |       ||     1
         Idealise          |       |       |       |       |     5 |     4 ||     9
Ability: Dig               |     2 |       |     1 |     1 |    10 |     2 ||    16
  Evoke: Wand              |       |       |       |       |       |     5 ||     5
         Tin of tremorston |       |       |       |       |       |     1 ||     1
    Use: Scroll            |     4 |     3 |     6 |     7 |    11 |     6 ||    37
         Potion            |       |     6 |     1 |     1 |     1 |     7 ||    16
 Armour: Leather armour    |    17 |    15 |    30 |       |       |       ||    62
         Steam dragon scal |       |       |    24 |    18 |       |       ||    42
         Troll leather arm |       |       |       |   110 |    50 |       ||   160
         Chain mail        |       |       |       |       |   208 |   329 ||   537
  Dodge: Dodged            |    31 |    45 |   150 |   132 |   268 |   266 ||   892
  Block: Buckler           |       |       |       |       |   307 |   339 ||   646

Levels and vault maps discovered:
D:1:      heliophobic_arrival_glass_houses, layout_basic, hangedman_glass_teeth
D:2:      layout_rooms, basic_altar
D:3:      layout_loops_ring, nicolae_ecumenical_snake_handling
D:4:      layout_layer_cave, dk_rats_in_the_wall
D:5:      layout_rooms, minmay_temple_entry_overgrown, serial_shops,
          nicolae_square_shop, uniq_eustachio
D:6:      layout_gridville, nicolae_yredelemnul_corpse_copse,
          chequers_serial_rivers_room_b, columned_hall_lemuel
D:7:      minmay_chambers_of_fours, layout_basic,
          mainiacjoe_overflow_cross_hatched, slow_altar_1,
          amethyst_overflow_temple_binary, enter_ossuary_5, enter_bailey_2,
          serial_aquarium, aquarium_bridge_square [aquarium_subvault_bridge,
          aquarium_subvault_bridge, aquarium_subvault_balcony,
          aquarium_subvault_wall], aquarium_bridge_straight
          [aquarium_subvault_bridge, aquarium_subvault_wall,
          aquarium_subvault_bridge, aquarium_subvault_wall],
          aquarium_window_corridor_1, aquarium_window_fake,
          aquarium_window_fake, aquarium_window_1, aquarium_view_2d,
          aquarium_view_2d, aquarium_balcony_1b, aquarium_pool_split
D:8:      layout_gridville, erik_lair_island, serial_shops, shop,
          kennysheep_cross_bottleneck, hangedman_incinerator
D:9:      layout_grid_maze, nicolae_overflow_hidden_temple, orc_david_3,
          ebering_ghost_xom, nicolae_shop_clearance, uniq_erolcha, uniq_harold,
          uniq_maggie, uniq_joseph
D:10:     layout_basic, nicolae_kikubaaqudgha_miasma_corner,
          serial_corexii_hall, chequers_hall_statues_wall_a,
          chequers_hall_statues_y, corexii_hall_statues_i,
          corexii_hall_statues_x
D:11:     layout_big_octagon, grunt_tough_drop, uniq_sonja, uniq_fannar,
          uniq_maurice, uniq_grum
D:12:     layout_basic, serial_aquarium, aquarium_bridge_long_joined
          [aquarium_subvault_window, aquarium_subvault_wall,
          aquarium_subvault_bridge, aquarium_subvault_wall,
          aquarium_subvault_bridge, aquarium_subvault_wall],
          aquarium_bridge_square [aquarium_subvault_wall,
          aquarium_subvault_wall, aquarium_subvault_bridge,
          aquarium_subvault_bridge], aquarium_window_1, aquarium_window_1,
          aquarium_view_2b, aquarium_balcony_3a, aquarium_pool_2,
          nicolae_figureground_pulse, uniq_snorg
D:13:     layout_cave_pools, skrybe_vaults_entry_preservation
D:14:     layout_irregular_city, gauntlet_entry_generic, minmay_holes
D:15:     hangedman_depths_entry_civil_slaughter, layout_gridville,
          serial_bayou_shore_b
Temple:   minmay_temple_forest_path
Lair:1:   layout_regular_city
Lair:2:   cheibrodos_lair_river_kwai, layout_layer_cave, shoals_dummy_entry,
          minmay_snake_entry_six_corridors
Lair:3:   layout_regular_city, pdpol_lair_cavern_descent
Lair:4:   layout_layer_cave, slime_entry_2, bobbens_dragon_lair_wall,
          infiniplex_staircase_pool, lemuel_fruit_tree
Lair:5:   minmay_lair_end_frog_pond, layout_gridlike,
          infiniplex_staircase_pool_2
Shoals:1: layout_shoals, nicolae_shop_firing_range
Shoals:2: layout_shoals, nicolae_shoals_lost_giant_hut, nicolae_shop_vocational
Shoals:3: layout_shoals, nicolae_shoals_kraken_party, uniq_mlioglotl,
          uniq_ilsuiw, uniq_polyphemus
Snake:1:  layout_chambers, st_stairs_8
Snake:2:  layout_chambers
Snake:3:  layout_grid_shapes, uniq_bai_suzhen
Snake:4:  grunt_snake_rune_pools, layout_basic
Orc:1:    layout_diamond_mine, nicolae_orc_lava_room
Orc:2:    st_orc_rangers, layout_caves, basic_altar

Notes
Turn   | Place    | Note
-------+----------+-------------------------------------------
     0 | D:1      | Drazool the Formicid Hunter began the quest for the Orb.
     0 | D:1      | Reached XP level 1. HP: 16/16 MP: 1/1
   203 | D:1      | Reached XP level 2. HP: 22/22 MP: 2/2
   587 | D:2      | Reached XP level 3. HP: 27/27 MP: 3/3
   604 | D:2      | Reached skill level 5 in Ranged Weapons
   748 | D:2      | Found a snail-covered altar of Cheibriados.
   898 | D:3      | Identified the +6 whip of the World {elec, rF- Int+4}
   924 | D:3      | Reached XP level 4. HP: 24/33 MP: 4/4
   958 | D:3      | Found a faded altar of an unknown god.
  1094 | D:3      | Reached XP level 5. HP: 38/38 MP: 5/5
  1097 | D:3      | Reached skill level 6 in Ranged Weapons
  1634 | D:4      | Reached skill level 7 in Ranged Weapons
  1634 | D:4      | Reached XP level 6. HP: 44/44 MP: 6/6
  1646 | D:4      | Noticed an ogre
  1824 | D:4      | Gained mutation: You are partially covered in iridescent
                  | scales. (AC +2) [potion of mutation]
  1824 | D:4      | Gained mutation: Your mind is acute. (Int +4, Str/Dex -1)
                  | [potion of mutation]
  1824 | D:4      | Gained mutation: You occasionally lose the ability to drink
                  | potions when taking damage. [potion of mutation]
  1998 | D:4      | Lost mutation: Your mind is acute. (Int +4, Str/Dex -1)
                  | [potion of mutation]
  1998 | D:4      | Lost mutation: You occasionally lose the ability to drink
                  | potions when taking damage. [potion of mutation]
  1998 | D:4      | Gained mutation: You are frail. (-10% HP) [potion of
                  | mutation]
  1998 | D:4      | Gained mutation: You possess an exceptional clarity of
                  | mind. [potion of mutation]
  1998 | D:4      | Lost mutation: You are frail. (-10% HP) [potion of
                  | mutation]
  2420 | D:4      | Killed an ogre
  2421 | D:4      | Reached XP level 7. HP: 50/50 MP: 7/7
  3047 | D:4      | Reached skill level 8 in Ranged Weapons
  3175 | D:5      | Entered Level 5 of the Dungeon
  3229 | D:5      | Found a staircase to the Ecumenical Temple.
  3237 | D:5      | Noticed Eustachio
  3244 | Temple   | Entered the Ecumenical Temple
  3415 | Temple   | Became a worshipper of Hepliaklqana the Forgotten
  3984 | D:5      | Reached skill level 9 in Ranged Weapons
  4071 | D:4      | Killed Eustachio
  4072 | D:4      | Reached XP level 8. HP: 39/56 MP: 8/8
  4102 | D:5      | Found Loluon's Magic Scroll Boutique.
  4110 | D:5      | Bought a scroll of brand weapon for 114 gold pieces
  4257 | D:6      | Reached skill level 1 in Short Blades
  4281 | D:6      | Reached skill level 3 in Fighting
  4281 | D:6      | Reached skill level 2 in Short Blades
  4463 | D:6      | Reached skill level 4 in Fighting
  4516 | D:6      | Reached * piety under Hepliaklqana
  4567 | D:6      | Reached skill level 3 in Short Blades
  4634 | D:6      | Reached XP level 9. HP: 60/60 MP: 9/9
  4649 | D:6      | Reached skill level 5 in Fighting
  4649 | D:6      | Reached skill level 4 in Short Blades
  4671 | D:6      | Found a basalt altar of Yredelemnul.
  4692 | D:6      | Reached skill level 5 in Short Blades
  5235 | D:7      | Found a burning altar of Makhleb.
  5248 | D:7      | Reached skill level 10 in Ranged Weapons
  5298 | D:7      | Found a flagged portal.
  5306 | Bailey   | Entered a bailey
  5713 | D:7      | Found a snail-covered altar of Cheibriados.
  5737 | D:7      | Reached ** piety under Hepliaklqana
  5738 | D:7      | Remembered your ancestor Marge Gunderson as a knight
  5933 | D:7      | Found a broken altar of Ashenzari.
  5933 | D:7      | Found an opulent altar of Gozag.
  6138 | D:7      | Reached skill level 11 in Ranged Weapons
  6165 | D:7      | Reached skill level 1 in Armour
  6298 | D:7      | Reached skill level 2 in Armour
  6345 | D:7      | Reached skill level 3 in Armour
  6365 | D:7      | Reached skill level 4 in Armour
  6390 | D:7      | Reached XP level 10. HP: 51/66 MP: 10/10
  6391 | D:7      | Reached skill level 5 in Armour
  6814 | D:8      | Reached skill level 12 in Ranged Weapons
  7080 | D:8      | Reached skill level 13 in Ranged Weapons
  7157 | D:8      | Found a staircase to the Lair.
  7256 | D:8      | Found Zumimis's Jewellery Shop.
  7379 | D:8      | Reached XP level 11. HP: 67/71 MP: 11/11
  7406 | D:8      | Reached skill level 14 in Ranged Weapons
  7413 | D:8      | Reached skill level 1 in Invocations
  7524 | D:9      | Reached *** piety under Hepliaklqana
  7556 | D:9      | Noticed Harold
  7725 | D:8      | Reached skill level 2 in Invocations
  7883 | D:9      | Found a staircase to the Orcish Mines.
  7885 | D:9      | Found Canipt's Weapon Shoppe.
  7892 | D:9      | Reached skill level 3 in Invocations
  7922 | D:9      | Noticed Joseph
  7940 | D:9      | Killed Joseph
  7941 | D:9      | Reached skill level 4 in Invocations
  7981 | D:9      | Found a shadowy altar of Dithmenos.
  7991 | D:9      | Noticed Maggie
  7998 | D:9      | Killed Maggie
  7999 | D:9      | Reached skill level 5 in Invocations
  8011 | D:9      | Found an iron altar of Okawaru.
  8037 | D:9      | Found a runed translucent door.
  8038 | D:9      | Found a shimmering altar of Xom.
  8038 | D:9      | Noticed ytrimaz's ghost (novice TrTm)
  8039 | D:9      | Noticed a +1 mace of chaos
  8069 | D:9      | Reached skill level 6 in Armour
  8147 | D:9      | Found a shimmering blue altar of Sif Muna.
  8156 | D:9      | Found a stormy altar of Qazlal.
  8276 | D:9      | Reached **** piety under Hepliaklqana
  8301 | D:9      | Identified 2 potions of resistance
  8363 | D:9      | Noticed Erolcha
  8372 | D:9      | Killed Erolcha
  8373 | D:9      | Reached skill level 7 in Armour
  8427 | D:9      | Found Jaerr's CLEARANCE SALE!.
  8432 | D:9      | Bought a scroll of identify for 8 gold pieces
  8640 | D:9      | Killed Harold
  8641 | D:9      | Reached skill level 8 in Armour
  8926 | D:10     | Entered Level 10 of the Dungeon
  9545 | D:10     | Found an ancient bone altar of Kikubaaqudgha.
  9885 | D:11     | Noticed a cyclops
  9985 | Lair:1   | Entered Level 1 of the Lair of Beasts
  9985 | Lair:1   | Noticed an elephant
  9985 | Lair:1   | Noticed an elephant
  9987 | Lair:1   | Noticed an elephant
  9987 | Lair:1   | Noticed an elephant
 10067 | D:8      | Killed an elephant
 10117 | D:8      | Reached skill level 9 in Armour
 10159 | D:8      | Killed an elephant
 10205 | D:8      | Killed an elephant
 10246 | D:8      | Killed an elephant
 10247 | D:8      | Reached skill level 10 in Armour
 10247 | D:8      | Reached XP level 12. HP: 62/77 MP: 15/15
 10357 | Lair:1   | Reached skill level 6 in Fighting
 10399 | Lair:1   | Reached skill level 7 in Fighting
 10479 | Lair:1   | Noticed a catoblepas
 10500 | Lair:1   | Killed a catoblepas
 10501 | Lair:1   | Reached skill level 8 in Fighting
 10601 | Lair:1   | Reached skill level 9 in Fighting
 10734 | Lair:1   | Reached ***** piety under Hepliaklqana
 10775 | Lair:1   | Reached skill level 10 in Fighting
 10837 | Lair:1   | Reached skill level 1 in Evocations
 11117 | Lair:2   | Reached skill level 2 in Evocations
 11126 | Lair:2   | Reached skill level 6 in Invocations
 11211 | Lair:2   | Reached skill level 3 in Evocations
 11231 | Lair:2   | Noticed an eight-headed hydra
 11238 | Lair:2   | Killed an eight-headed hydra
 11261 | Lair:2   | Reached skill level 4 in Evocations
 11270 | Lair:2   | Reached skill level 7 in Invocations
 11291 | Lair:2   | Reached XP level 13. HP: 79/92 MP: 18/18
 11322 | Lair:2   | Found a staircase to the Snake Pit.
 11399 | Lair:2   | Reached skill level 5 in Evocations
 11468 | Lair:2   | Reached skill level 8 in Invocations
 11695 | Lair:2   | Reached skill level 9 in Invocations
 11863 | Lair:2   | Found a staircase to the Shoals.
 11924 | Lair:2   | Reached skill level 10 in Invocations
 12110 | Lair:2   | Reached skill level 1 in Shields
 12167 | Lair:2   | Reached skill level 2 in Shields
 12178 | Lair:2   | Reached skill level 3 in Shields
 12197 | Lair:2   | Reached skill level 4 in Shields
 12221 | Lair:2   | Reached skill level 5 in Shields
 12269 | Lair:2   | Reached skill level 6 in Shields
 12327 | Lair:2   | Noticed a six-headed hydra
 12803 | Lair:3   | Noticed a six-headed hydra
 12819 | Lair:3   | Killed a six-headed hydra
 12820 | Lair:3   | Reached skill level 7 in Shields
 13103 | Lair:3   | Reached ****** piety under Hepliaklqana
 13227 | Lair:3   | Reached skill level 8 in Shields
 13526 | Lair:3   | Reached skill level 9 in Shields
 13915 | Lair:4   | Noticed a seven-headed hydra
 13925 | Lair:4   | Killed a seven-headed hydra
 13956 | Lair:4   | Reached skill level 10 in Shields
 13962 | Lair:4   | Reached skill level 2 in Dodging
 13964 | Lair:4   | Reached skill level 2 in Stealth
 14243 | Lair:4   | Reached skill level 3 in Stealth
 14259 | Lair:4   | Reached skill level 3 in Dodging
 14265 | Lair:4   | Reached skill level 4 in Stealth
 14265 | Lair:4   | Reached XP level 14. HP: 78/99 MP: 21/21
 14515 | Lair:4   | Reached skill level 5 in Stealth
 14546 | Lair:4   | Reached skill level 4 in Dodging
 14602 | Lair:4   | Reached skill level 6 in Stealth
 14895 | Lair:4   | Reached skill level 5 in Dodging
 14910 | Lair:4   | Found a runed translucent door.
 14913 | Lair:4   | Found a viscous altar of Jiyva.
 14958 | Lair:4   | Identified the +0 chain mail "Ijigaffi" {rC+ Str+2 Dex+3}
 15023 | Lair:4   | Reached skill level 7 in Stealth
 15566 | D:11     | Noticed Sonja
 15566 | D:11     | Noticed Grum
 15878 | D:11     | Killed Sonja
 15902 | D:11     | Reached skill level 11 in Armour
 16136 | D:11     | Killed Grum
 16183 | D:11     | Noticed Fannar
 16326 | D:11     | Noticed Maurice
 16357 | D:10     | Killed Fannar
 16358 | D:10     | Reached skill level 12 in Armour
 16393 | D:11     | Killed Maurice
 17096 | D:12     | Noticed Snorg
 17108 | D:12     | Killed Snorg
 17117 | D:12     | Reached skill level 13 in Armour
 17493 | Lair:4   | Found a staircase to the Slime Pits.
 17655 | Lair:5   | Entered Level 5 of the Lair of Beasts
 17973 | Lair:5   | Reached XP level 15. HP: 56/101 MP: 22/22
 18019 | Lair:5   | Reached skill level 14 in Armour
 18436 | Lair:5   | Reached skill level 15 in Armour
 19047 | Orc:1    | Entered Level 1 of the Orcish Mines
 19086 | Orc:1    | Reached skill level 16 in Armour
 19244 | Orc:2    | Entered Level 2 of the Orcish Mines
 19318 | Orc:2    | Found a shimmering altar of Xom.
 19456 | Orc:2    | Found a staircase to the Elven Halls.
 20149 | Orc:2    | Reached skill level 11 in Shields
 20379 | Orc:2    | Found Ruefie Fauwn's Assorted Antiques.
 20379 | Orc:2    | Found Aphadaplowk's Weapon Emporium.
 20381 | Orc:2    | Found Turphiogh's Antique Armour Shoppe.
 20383 | Orc:2    | Found Epesulix's Magic Scroll Boutique.
 20387 | Orc:2    | Bought a pair of embroidered gloves for 270 gold pieces
 20387 | Orc:2    | Bought a steaming ring mail for 324 gold pieces
 20387 | Orc:2    | Identified the +0 ring mail "Agau" {Harm} (You bought it in
                  | a shop on level 2 of the Orcish Mines)
 20387 | Orc:2    | Bought a scroll labelled CICSI FECS for 36 gold pieces
 20410 | Orc:2    | Bought 2 scrolls of enchant weapon for 195 gold pieces
 20410 | Orc:2    | Bought a scroll of enchant weapon for 97 gold pieces
 20415 | Orc:2    | Bought a pair of smoking boots for 323 gold pieces
 20415 | Orc:2    | Identified the -2 pair of boots of the Bones {Contam Int+2
                  | Dex+6 SInv} (You bought it in a shop on level 2 of the
                  | Orcish Mines)
 20823 | D:13     | Found a gate to the Vaults.
 20823 | D:13     | Noticed an ironbound preserver
 21038 | D:13     | Reached skill level 12 in Shields
 21038 | D:13     | Reached XP level 16. HP: 109/109 MP: 18/23
 21119 | D:13     | Reached skill level 17 in Armour
 21824 | D:14     | Found a gate leading to a gauntlet.
 21834 | Gauntlet | Entered a Gauntlet
 21834 | Gauntlet | Found a transporter.
 21841 | Gauntlet | Found a transporter.
 21841 | Gauntlet | Found a transporter.
 21854 | Gauntlet | Found a transporter.
 21855 | Gauntlet | Found a transporter.
 21863 | Gauntlet | Found a transporter.
 21879 | Gauntlet | Found a transporter.
 21890 | Gauntlet | Found a transporter.
 21900 | Gauntlet | Found a transporter.
 21905 | Gauntlet | Found a transporter.
 21921 | Gauntlet | Found a transporter.
 21933 | Gauntlet | Found a transporter.
 21986 | Gauntlet | Identified the ring "Hicyaff" {Will+ AC+4 Int+2}
 22019 | Gauntlet | Found a transporter.
 22048 | Gauntlet | Reached skill level 13 in Shields
 22407 | D:14     | Identified the ring of Nuteycisch {Fly rElec rC+ Will+
                  | Int-4}
 22676 | D:15     | Entered Level 15 of the Dungeon
 23309 | D:15     | Reached skill level 15 in Ranged Weapons
 23322 | D:15     | Found a staircase to the Depths.
 24346 | Snake:1  | Entered Level 1 of the Snake Pit
 24416 | Snake:1  | Reached skill level 16 in Ranged Weapons
 24671 | Snake:1  | Reached XP level 17. HP: 115/115 MP: 24/24
 24682 | Snake:1  | Reached skill level 18 in Armour
 25278 | Snake:1  | Reached skill level 11 in Invocations
 25866 | Snake:2  | Reached skill level 12 in Invocations
 26786 | Snake:3  | Noticed Bai Suzhen
 26832 | Snake:2  | Killed Bai Suzhen
 27064 | Snake:3  | Reached skill level 19 in Armour
 27567 | Shoals:1 | Entered Level 1 of the Shoals
 27761 | Shoals:1 | Found Fyhuozep's Firing Range.
 27772 | Shoals:1 | Bought a +0 triple crossbow for 160 gold pieces
 28004 | Shoals:1 | Reached skill level 20 in Armour
 28007 | Shoals:1 | Reached XP level 18. HP: 120/120 MP: 27/27
 28177 | Shoals:1 | Identified the scarf of the Bard {harm, rPois Str+3 Int+2}
 28830 | Shoals:2 | Found Xoblaret's Vocational Training.
 28898 | Shoals:2 | Reached skill level 17 in Ranged Weapons
 29259 | Shoals:2 | Noticed a kraken
 29263 | Shoals:2 | Killed a kraken
 29516 | Shoals:3 | Noticed a kraken
 29516 | Shoals:3 | Noticed a kraken
 29516 | Shoals:3 | Noticed a kraken
 29516 | Shoals:3 | Noticed a kraken
 30047 | Shoals:3 | Killed a kraken
 30053 | Shoals:3 | Killed a kraken
 30120 | Shoals:3 | Killed a kraken
 30141 | Shoals:3 | Reached skill level 18 in Ranged Weapons
 30232 | Shoals:3 | Killed a kraken
 30342 | Shoals:3 | Noticed Mlioglotl
 30349 | Shoals:3 | Killed Mlioglotl
 30377 | Shoals:3 | Noticed Polyphemus
 30401 | Shoals:3 | Killed Polyphemus
 30461 | Shoals:3 | Noticed Ilsuiw
 30481 | Shoals:3 | HP: 12/120 [drowned by a water elemental[Ilsuiw] (14)]
 30481 | Shoals:3 | Killed Ilsuiw
 30781 | Shoals:3 | Learned a level 3 spell: Portal Projectile
 31160 | Snake:4  | Entered Level 4 of the Snake Pit
 31441 | Snake:4  | Reached skill level 19 in Ranged Weapons
 31546 | Snake:4  | HP: 11/120 [naga/+2 hand axe of electrocution (12)]
 31547 | Snake:4  | HP: 5/120 [naga warrior/splash of poison (3)]
 31547 | Snake:4  | Demolished by a naga

Vanquished Creatures
  Bai Suzhen (Snake:2)
  Polyphemus (Shoals:3)
  2 krakens (Shoals:3)
  A nagaraja (Snake:4)
  A balrug (Gauntlet)
  An ironbound preserver (D:13)
  A minotaur (Gauntlet)
  Snorg (D:12)
  2 merfolk impalers
  A merfolk avatar (Shoals:2)
  A catoblepas (Shoals:3)
  Harold (D:9)
  A rakshasa (D:13)
  A salamander tyrant (Snake:2)
  Erolcha (D:9)
  An ogre mage (D:15)
  7 hydras
  2 merfolk aquamancers (Shoals:1)
  2 anacondas
  2 boulder beetles
  2 satyrs
  5 centaur warriors
  A tengu warrior (D:13)
  2 two-headed ogres
  5 naga warriors
  5 death yaks
  3 naga sharpshooters
  A hell knight (D:15)
  4 shock serpents
  Sonja (D:11)
  4 skysharks
  2 skeletal warriors
  2 goliath frogs (Lair:5)
  4 sea snakes
  A deep troll (D:15)
  A naga ritualist (Snake:1)
  2 orc knights
  7 mana vipers
  A necromancer (D:15)
  2 deep elf pyromancers (D:14)
  A harpy (Shoals:1)
  A lindwurm (Lair:4)
  18 fauns
  8 ugly things
  6 manticores
  4 cyclopes
  7 salamanders
  6 elephants
  8 merfolk sirens
  24 black mambas
  4 water nymphs
  A guardian serpent (Snake:4)
  8 naga magi
  Maurice (D:11)
  6 cane toads
  A gargoyle (D:13)
  A kobold demonologist (D:13)
  Maggie (D:9)
  A cane toad (shapeshifter) (D:14)
  3 yaktaurs (D:14)
  3 komodo dragons
  7 rime drakes
  An efreet (D:11)
  A tengu conjurer (D:15)
  A tyrant leech (Lair:5)
  2 polar bears
  5 trolls
  12 merfolk
  A hornet (D:9)
  3 wind drakes (Shoals:3)
  14 blink frogs
  3 dream sheep (Lair:4)
  5 snapping turtles
  2 vampires
  19 slime creatures
  A shadow (D:11)
  Eustachio (D:4)
  3 fire bats (D:8)
  Grum (D:11)
  6 water elementals
  A wyvern (D:8)
  A redback simulacrum (D:14)
  20 yaks
  3 basilisks
  6 vampire mosquitoes
  9 steam dragons
  2 wargs (Orc:1)
  3 acid dragons
  24 nagas
  20 water moccasins
  A hell hound (D:8)
  A floating eye (shapeshifter) (D:13)
  19 orc warriors
  2 sky beasts (D:7)
  An ice beast (D:7)
  A black bear (D:8)
  5 ogres
  2 boggarts (D:15)
  12 wolves
  10 centaurs
  2 phantoms
  2 kobold brigands
  13 bullfrogs
  3 scorpions
  A wight (D:6)
  9 killer bees
  2 howler monkeys
  7 electric eels
  3 centaur zombies (D:6)
  A lava snake (D:8)
  2 bullfrog zombies (D:6)
  15 orc priests
  4 hounds
  4 jellies
  3 sleepcaps
  4 iguanas (D:5)
  23 orc wizards
  A mummy (D:7)
  22 gnolls
  3 adders
  8 river rats (D:4)
  4 white imps
  A worm (D:2)
  2 dart slugs
  81 orcs
  8 ball pythons
  3 bats (D:1)
  3 endoplasms
  7 goblins
  4 hobgoblins
  4 jackals (D:3)
  9 kobolds
  5 quokkas
  A training dummy (Shoals:1)
  3 frilled lizards
  13 rats (D:4)
  3 fire vortices (D:8)
  8 tentacles
721 creatures vanquished.

Vanquished Creatures (collateral kills)
  Mlioglotl (Shoals:3)
  3 krakens
  Ilsuiw (Shoals:3)
  A nagaraja (Snake:2)
  2 fire dragons
  An entropy weaver (shapeshifter) (D:14)
  Fannar (D:10)
  A hydra (Lair:5)
  A catoblepas (Lair:1)
  2 two-headed ogres (D:15)
  A merfolk avatar (Shoals:1)
  A centaur warrior (D:15)
  A death knight (D:15)
  2 boulder beetles
  2 naga warriors
  A tengu warrior (D:15)
  2 death yaks
  2 shock serpents (Snake:1)
  3 naga sharpshooters
  A skyshark (Shoals:2)
  A sea snake (Shoals:2)
  A salamander mystic (Snake:3)
  2 naga ritualists
  A wizard (Gauntlet)
  3 harpies (Shoals:1)
  3 manticores
  A deep elf pyromancer (D:13)
  An orc sorcerer (Orc:1)
  A mana viper (Snake:2)
  6 cyclopes
  3 ugly things
  2 salamanders
  6 fauns
  An elephant (shapeshifter) (D:11)
  A merfolk siren (Shoals:1)
  5 naga magi
  4 slime creatures
  3 elephants
  13 black mambas
  A guardian serpent (Snake:2)
  2 gargoyles
  12 cane toads
  5 rime drakes
  Joseph (D:9)
  An efreet (D:15)
  3 komodo dragons
  2 freezing wraiths
  A troll (D:11)
  A hornet (Lair:3)
  4 merfolk
  4 wind drakes
  A tyrant leech (Lair:5)
  4 dream sheep (Lair:4)
  6 blink frogs
  2 shadows
  A wraith (D:12)
  8 yaks
  A fire bat (D:8)
  A wyvern (D:7)
  A steam dragon (Lair:4)
  3 basilisks (Lair:2)
  A warg (Orc:2)
  3 vampire mosquitoes
  8 nagas
  6 water moccasins
  19 orc warriors
  A sky beast (D:7)
  3 ogres (Orc:2)
  2 wolves
  A boggart (D:15)
  A centaur (Orc:2)
  5 bullfrogs
  A wyvern zombie (D:6)
  A gnoll sergeant (D:12)
  2 wights (D:6)
  A killer bee (D:11)
  An electric eel (Lair:5)
  2 howler monkeys (D:7)
  A lava snake (D:8)
  A bullfrog zombie (D:6)
  A hound (D:8)
  3 orc priests
  2 gnoll boudas
  6 orc wizards
  4 gnolls
  A white imp (D:7)
  19 orcs
  2 training dummies (Shoals:1)
  3 tentacles
254 creatures vanquished.

Vanquished Creatures (others)
  An unseen horror (D:13)
  36 knights
  An ancestor (Bailey)
  62 tentacles
100 creatures vanquished.

Grand Total: 1075 creatures vanquished

Table legend: (Time is in decaauts)
 A = Elapsed time spent in this place.
 B = Non-inter-level travel time spent in this place.
 C = Inter-level travel time spent in this place.
 D = Time resting spent in this place.
 E = Time spent auto-exploring this place.
 F = Levels seen in this place.
 G = Mean time per level.
                   A        B        C        D        E       F      G
               +--------+--------+--------+--------+--------+-----+--------+
         Total |  31651 |  28850 |   2801 |   2222 |  18409 |  32 |  989.1 |
       Dungeon |  14517 |  12933 |   1584 |    910 |   8532 |  15 |  967.8 |
        Temple |    356 |    307 |     49 |      0 |    289 |   1 |  356.0 |
          Lair |   7032 |   6404 |    628 |    328 |   4105 |   5 | 1406.4 |
        Shoals |   3677 |   3511 |    166 |    611 |   1940 |   3 | 1225.7 |
     Snake Pit |   3737 |   3454 |    283 |    228 |   2407 |   4 |  934.2 |
  Orcish Mines |   1511 |   1421 |     90 |    100 |    815 |   2 |  755.5 |
        Bailey |    379 |    379 |      0 |      8 |    152 |   1 |  379.0 |
      Gauntlet |    439 |    439 |      0 |     36 |    169 |   1 |  439.0 |
               +--------+--------+--------+--------+--------+-----+--------+

Top non-repeatable levels by time:
  Lair:2: 1840 daAuts
  Lair:4: 1785 daAuts
     D:4: 1591 daAuts
Shoals:3: 1508 daAuts
 Snake:2: 1461 daAuts
     D:9: 1447 daAuts
    D:10: 1387 daAuts
    D:15: 1352 daAuts
  Lair:3: 1198 daAuts
  Lair:5: 1165 daAuts
 Snake:1: 1162 daAuts
     D:8: 1121 daAuts
Shoals:2: 1105 daAuts
     D:7: 1078 daAuts
Shoals:1: 1063 daAuts

Table legend:
 A = Non-vault XP
 B = Vault XP
 C = Vault XP percentage of total XP
 D = Non-vault monster count
 E = Vault monster count
 F = Vault count percentage of total count
                 A         B        C        D         E       F
            +---------+---------+-------+---------+---------+-------
      Total |  192191 |   72130 |  27.3 |     698 |     263 |  27.4
            +---------+---------+-------+---------+---------+-------
        D:1 |      27 |       0 |   0.0 |      16 |       0 |   0.0
        D:2 |      23 |       0 |   0.0 |      11 |       0 |   0.0
        D:3 |     165 |      29 |  14.9 |      20 |       4 |  16.7
        D:4 |     305 |     335 |  52.3 |      10 |      22 |  68.8
        D:5 |     348 |       0 |   0.0 |      17 |       0 |   0.0
        D:6 |     842 |     367 |  30.4 |      14 |       7 |  33.3
        D:7 |     961 |     844 |  46.8 |      16 |       8 |  33.3
        D:8 |    4562 |    1912 |  29.5 |      36 |      15 |  29.4
        D:9 |    1590 |    2512 |  61.2 |      27 |       7 |  20.6
       D:10 |     837 |    1821 |  68.5 |      13 |       3 |  18.8
       D:11 |    3133 |    4003 |  56.1 |      17 |      10 |  37.0
       D:12 |    3875 |     951 |  19.7 |      15 |       1 |   6.2
       D:13 |    8277 |    4715 |  36.3 |      16 |       8 |  33.3
       D:14 |    9816 |       0 |   0.0 |      22 |       0 |   0.0
       D:15 |   14689 |    2892 |  16.4 |      32 |       5 |  13.5
     Lair:1 |    8020 |       0 |   0.0 |      31 |       0 |   0.0
     Lair:2 |    9916 |    4383 |  30.7 |      29 |      16 |  35.6
     Lair:3 |    2646 |    2238 |  45.8 |       8 |      10 |  55.6
     Lair:4 |    8701 |    6148 |  41.4 |      25 |      19 |  43.2
     Lair:5 |    8363 |   11190 |  57.2 |      24 |      37 |  60.7
   Shoals:1 |   18615 |       6 |   0.0 |      39 |       3 |   7.1
   Shoals:2 |   16590 |       0 |   0.0 |      29 |       0 |   0.0
   Shoals:3 |   10670 |   16090 |  60.1 |      23 |      16 |  41.0
    Snake:1 |   14891 |     817 |   5.2 |      30 |       1 |   3.2
    Snake:2 |   19134 |    3022 |  13.6 |      39 |       1 |   2.5
    Snake:3 |    8825 |       0 |   0.0 |      22 |       0 |   0.0
    Snake:4 |    9238 |     448 |   4.6 |      19 |       1 |   5.0
      Orc:1 |    3838 |     511 |  11.7 |      52 |       4 |   7.1
      Orc:2 |    2559 |    3658 |  58.8 |      43 |      33 |  43.4
     Bailey |       0 |     316 | 100.0 |       0 |      24 | 100.0
   Gauntlet |     735 |    2922 |  79.9 |       3 |       8 |  72.7
            +---------+---------+-------+---------+---------+-------
